 Dungeon Crawl Stone Soup version 0.31-a0-846-gb3bcc0d938 (webtiles) character file.

Game seed: 14705245573097132380

4004 Dirtsage the Cleaver (level 10, 0/83 HPs)
             Began as a Minotaur Fighter on Oct 3, 2023.
             Was an Initiate of Okawaru.
             Killed from afar by Erica (15 damage)
             ... with a lance of force
             ... on level 8 of the Dungeon.
             The game lasted 00:15:58 (7754 turns).

Dirtsage the Cleaver (Minotaur Fighter)             Turns: 7754, Time: 00:15:59

Health: 0/83       AC: 14    Str: 23    XL:     10   Next: 3%
Magic:  9/9        EV: 11    Int:  5    God:    Okawaru [......]
Gold:   228        SH:  5    Dex: 12    Spells: 9/9 levels left

rFire   . . .        a - +0 war axe
rCold   . . .        c - +0 buckler
rNeg    + . .        b - +0 scale mail
rPois   .            (helmet restricted)
rElec   .            p - +0 cloak
rCorr   .            s - +0 pair of gloves
SInv    .            (no boots)
Will    .....        f - amulet of faith Stlth
                     k - +4 ring of protection
HPRegen 0.33/turn    N - ring of positive energy
MPRegen 0.11/turn

%: faith
@: no status effects
A: horns 2, retaliatory headbutt
a: Renounce Religion


You were on level 8 of the Dungeon.
You worshipped Okawaru.
Okawaru was noncommittal.
You visited 2 branches of the dungeon, and saw 10 of its levels.

You collected 442 gold pieces.
You spent 214 gold pieces at shops.

Inventory:

Hand Weapons
 a - a +0 war axe (weapon)
Missiles
 m - 2 curare-tipped darts
Armour
 b - a +0 scale mail (worn)
 c - a +0 buckler (worn)
 p - a +0 cloak (worn)
 s - a +0 pair of gloves (worn)
Magical Staves
 v - a staff of cold
Jewellery
 f - an amulet of faith (around neck)
 k - a +4 ring of protection (left hand)
 n - a ring of fire
 x - the ring "Zaimobri" {Wiz Str+3 Int+3 Stlth-}
   (You found it on level 5 of the Dungeon)

   [ring of wizardry]

   Wiz:       It improves your spell success rate.
   Str+3:     It affects your strength (+3).
   Int+3:     It affects your intelligence (+3).
   Stlth-:    It makes you less stealthy.
 N - a ring of positive energy (right hand)
Wands
 w - a wand of flame (6)
Scrolls
 g - 3 scrolls of fear {unknown}
 h - 2 scrolls of immolation {unknown}
 i - 2 scrolls of identify
 j - a scroll of vulnerability
 o - a scroll of revelation
 t - 4 scrolls of teleportation
 u - 4 scrolls of noise
 y - a scroll of torment {unknown}
 A - a scroll of summoning {unknown}
 B - 2 scrolls of blinking
Potions
 d - 3 potions of might
 e - 2 potions of mutation
 l - 3 potions of heal wounds
 q - 7 potions of curing
 r - 3 potions of berserk rage
 z - a potion of enlightenment {unknown}
 C - a potion of lignification {unknown}


   Skills:
 + Level 6.0 Fighting
 + Level 14.3 Axes
 + Level 6.0 Armour
 + Level 4.1 Dodging
 + Level 6.1 Shields


You had 9 spell levels left.
You didn't know any spells.
Your spell library contained the following spells:

 Spells                   Type           Power      Damage    Failure   Level
 Magic Dart               Conj           0%         1d3       83%         1
 Mephitic Cloud           Conj/Pois/Air  0%         N/A       99%         3
 Sigil of Binding         Hex            0%         N/A       99%         3
 Dimensional Bullseye     Hex/Tloc       0%         N/A       100%        4
 Leda's Liquefaction      Hex/Erth       0%         N/A       100%        4
 Passage of Golubria      Tloc           0%         N/A       100%        4
 Yara's Violent Unravell  Hex/Tmut       0%         3d3       100%        5
 Call Imp                 Summ           Unusable   N/A       N/A         2
 Call Canine Familiar     Summ           Unusable   N/A       N/A         3
 Tukima's Dance           Hex            Unusable   N/A       N/A         3

Dungeon Overview and Level Annotations

Branches:
Dungeon (9/15)             Temple (1/1) D:5
   Lair: D:8-11         Orc: D:9-12

Altars:
Ashenzari
Cheibriados
Dithmenos
Elyvilon
Fedhas
Gozag
Hepliaklqana
Kikubaaqudgha
Makhleb
Okawaru
Qazlal
Ru
Sif Muna
Trog
Uskayaw
Vehumet
Xom
Zin
The Shining One

Shops:
D:3 *   D:5 ?

Annotations:
D:8 Erica


Innate Abilities, Weirdness & Mutations

You have a pair of horns on your head.
You reflexively headbutt those who attack you in melee.


Message History

Deactivating autopickup; reactivate with Ctrl-A.
The yak gores you. The killer bee stings you.
You are more poisoned.
The killer bee poisons you!
You take 11 damage, and have 30/83 hp.
You hit something but do no damage. You barely miss the yak.
You hit the killer bee.
You feel sick. The killer bee barely misses you.
You take 2 damage, and have 28/83 hp.
It was a potion of curing.
You feel better.
q - 7 potions of curing;
o - a scroll of revelation The killer bee stings you but does no damage.
Something hits you. Something burns you. The yak gores you but does no damage.
The killer bee closely misses you.
You regained 5 hp, and now have 33/83 hp.
You closely miss the killer bee.
The killer bee is severely wounded.
You hit something. You closely miss the yak. You block the killer bee's attack.
Something hits you. Something burns you. The yak gores you!
* * * LOW HITPOINT WARNING * * *
You block the killer bee's attack.
You take 9 damage, and have 24/83 hp.
You hit the killer bee but do no damage.
You headbutt the killer bee.
The killer bee is almost dead.
You slash the yak! You hit something.
The killer bee stings you but does no damage.
Something hits you.
* * * LOW HITPOINT WARNING * * *
Something burns you.
* * * LOW HITPOINT WARNING * * *
The yak gores you but does no damage. You block the killer bee's attack.
You take 9 damage, and have 15/83 hp.
You closely miss the killer bee.
The killer bee is almost dead.
You closely miss the yak. You hit something but do no damage.
The killer bee stings you but does no damage.
You hear some strange, mumbled words.
A lance of force appears from out of thin air!
The lance of force hits you!
You die...

#.#.# #.#
#.#.........#
#####.#.# #.#
#.###.#####.#
........###.# #.###.#
#.# ............#
#.##..# #.#
.......))...# #.##.##
#.#
.......)))..####.##.#
#.#
.......))(.....#.##.#
#.#
............##.Y{##.#
#.#
.............##†@y..#
#.#
.............########
#.# .............#
#.# .............#
#.# ##############
#.# #.# #.# #.# #.#


You could see a yak and a killer bee.

Vanquished Creatures
  Jeremiah (D:7)
  2 wyverns
  Eustachio (D:4)
  A yak (D:8)
  An acid dragon (D:8)
  Duvessa (D:6)
  2 black bears
  3 orc warriors
  A sky beast (D:8)
  6 ogres
  3 centaurs
  3 kobold brigands (D:8)
  A bullfrog (D:7)
  A scorpion (D:4)
  Dowan (D:6)
  A killer bee (D:8)
  5 jellies
  9 orc priests
  4 hounds
  4 iguanas
  4 sleepcaps
  11 orc wizards
  11 adders
  2 white imps (D:8)
  2 worms
  2 dart slugs
  20 orcs
  6 ball pythons
  8 bats
  2 endoplasms
  2 giant cockroaches
  9 goblins
  11 hobgoblins
  A quokka (D:2)
  5 frilled lizards
  21 kobolds
  4 rats
172 creatures vanquished.

Vanquished Creatures (others)
  A kobold (D:8)
1 creature vanquished.

Grand Total: 173 creatures vanquished

Notes
Turn   | Place    | Note
-------+----------+-------------------------------------------
     0 | D:1      | Dirtsage the Minotaur Fighter began the quest for the Orb.
     0 | D:1      | Reached XP level 1. HP: 19/19 MP: 0/0
    49 | D:1      | Reached skill level 3 in Axes
    79 | D:1      | Reached XP level 2. HP: 23/26 MP: 1/1
   299 | D:1      | Reached skill level 4 in Axes
   504 | D:1      | Reached XP level 3. HP: 31/31 MP: 2/2
   702 | D:2      | Found a faded altar of an unknown god.
  1004 | D:2      | Reached skill level 5 in Axes
  1271 | D:2      | Reached XP level 4. HP: 38/39 MP: 3/3
  1821 | D:3      | Found Pyuzupp's General Store.
  2185 | D:3      | Reached skill level 6 in Axes
  2504 | D:3      | Noticed an ogre
  2512 | D:3      | Reached XP level 5. HP: 38/45 MP: 4/4
  2516 | D:3      | Killed an ogre
  2517 | D:3      | Reached skill level 7 in Axes
  2676 | D:3      | Found a burning altar of Makhleb.
  2779 | D:4      | Noticed Eustachio
  2786 | D:4      | Noticed an ogre
  2789 | D:4      | Killed Eustachio
  2790 | D:4      | Reached skill level 8 in Axes
  2790 | D:4      | Reached XP level 6. HP: 51/51 MP: 5/5
  2947 | D:4      | Reached skill level 9 in Axes
  2951 | D:4      | Reached XP level 7. HP: 57/57 MP: 6/6
  3409 | D:5      | Entered Level 5 of the Dungeon
  3433 | D:5      | Reached skill level 10 in Axes
  3829 | D:5      | Noticed a wyvern
  3834 | D:5      | Killed a wyvern
  3835 | D:5      | Reached skill level 11 in Axes
  3835 | D:5      | Reached XP level 8. HP: 59/64 MP: 7/7
  3957 | D:5      | Identified the ring "Zaimobri" {Wiz Str+3 Int+3 Stlth-}
  4012 | D:5      | Found a staircase to the Ecumenical Temple.
  4020 | Temple   | Entered the Ecumenical Temple
  4047 | D:5      | Reached skill level 12 in Axes
  4140 | D:5      | Found Semaebli's Magic Scroll Shoppe.
  4150 | D:5      | Bought a scroll of identify for 26 gold pieces
  4150 | D:5      | Bought a scroll of identify for 26 gold pieces
  4150 | D:5      | Bought a scroll of teleportation for 39 gold pieces
  4150 | D:5      | Bought a scroll of identify for 26 gold pieces
  4150 | D:5      | Bought a scroll of blinking for 97 gold pieces
  4168 | D:5      | Found an ancient bone altar of Kikubaaqudgha.
  4272 | D:6      | Noticed Duvessa
  4272 | D:6      | Noticed Dowan
  4280 | D:6      | Killed Duvessa
  4291 | D:6      | Killed Dowan
  4292 | D:6      | Reached skill level 13 in Axes
  4364 | D:6      | Found a shadowy altar of Dithmenos.
  4718 | D:6      | Reached skill level 1 in Dodging
  4718 | D:6      | Reached XP level 9. HP: 67/71 MP: 8/8
  5284 | D:7      | Noticed Jeremiah
  5328 | D:7      | Killed Jeremiah
  5756 | D:7      | Reached skill level 5 in Fighting
  5756 | D:7      | Reached skill level 5 in Armour
  5756 | D:7      | Reached skill level 5 in Shields
  5855 | D:7      | Reached skill level 14 in Axes
  7349 | D:8      | Found a snail-covered altar of Cheibriados.
  7356 | D:8      | Found a glowing silver altar of Zin.
  7358 | D:8      | Found a shimmering altar of Xom.
  7359 | D:8      | Found a hide-covered altar of Uskayaw.
  7360 | D:8      | Found an iron altar of Okawaru.
  7366 | D:8      | Became a worshipper of Warmaster Okawaru
  7637 | D:9      | Noticed Erica
  7653 | D:8      | Reached XP level 10. HP: 54/83 MP: 9/9
  7754 | D:8      | Killed from afar by Erica

Illustrated notes

Levels and vault maps discovered:
D:1:      minmay_arrival_stair_chambers, layout_loops_ring
D:2:      layout_basic, serial_co_window_serial, co_window_cross_1,
          co_window_corner_a, co_window_paths_a, co_window_of_opportunity_a,
          co_window_paths_a, co_window_corner_a, co_window_corner_a,
          co_window_of_opportunity_a, co_window_corner_a,
          co_window_of_opportunity_c, co_window_paths_c, co_window_broadway_b,
          co_window_of_opportunity_c, co_window_corner_b, co_window_paths_d,
          co_window_4corner_b, chequers_ecumenical_altar_grove
D:3:      layout_loops_corners, mainiacjoe_overflow_tiny_flanked, serial_shops,
          nicolae_shop_crystal
D:4:      layout_cave_pools, nicolae_titane, uniq_eustachio
D:5:      layout_rooms, nicolae_kikubaaqudgha_miasma_corner,
          minmay_temple_entry_statues_fountains, serial_shops,
          nicolae_stop_n_shop_1, guppyfry_early_orc_mine
D:6:      layout_loops_ring, nicolae_dithmenos_shadow_blocks, uniq_duvessa
D:7:      layout_layer_cave, uniq_jeremiah
D:8:      layout_basic, minitemple
D:9:      layout_basic, nemelex_spade_bored_becter,
          mainiacjoe_overflow_catch_the_wave, uniq_erica
Temple:   nicolae_temple_bog_church

Skill      XL: |  1  2  3  4  5  6  7  8  9 |
---------------+----------------------------+-----
Axes           | 3 4 5 6 8 9 11 13 14 | 14.3
Fighting       | 4 6 |  6.0
Armour         | 4 6 |  6.0
Dodging        | 1 4 |  4.1
Shields        | 4 6 |  6.1

Action                     |  1- 3 |  4- 6 |  7- 9 | 10-12 || total
---------------------------+-------+-------+-------+-------++-------
  Melee: War axe           |    80 |    71 |   252 |    10 ||   413
         Headbutt          |     6 |     7 |    41 |     2 ||    56
  Evoke: Wand              |       |       |    17 |       ||    17
    Use: Potion            |       |       |     1 |     1 ||     2
         Scroll            |       |       |     6 |       ||     6
 Armour: Scale mail        |    41 |    39 |   192 |    29 ||   301
  Dodge: Dodged            |    41 |    28 |    84 |    13 ||   166
  Block: Buckler           |     9 |    16 |    48 |     6 ||    79

Table legend: (Time is in decaauts)
 A = Elapsed time spent in this place.
 B = Non-inter-level travel time spent in this place.
 C = Inter-level travel time spent in this place.
 D = Time resting spent in this place.
 E = Time spent auto-exploring this place.
 F = Levels seen in this place.
 G = Mean time per level.
                   A        B        C        D        E       F      G
               +--------+--------+--------+--------+--------+-----+--------+
         Total |   7771 |   7563 |    208 |    352 |   6254 |  10 |  777.1 |
       Dungeon |   7769 |   7561 |    208 |    352 |   6254 |   9 |  863.2 |
        Temple |      1 |      1 |      0 |      0 |      0 |   1 |    1.0 |
               +--------+--------+--------+--------+--------+-----+--------+

Top non-repeatable levels by time:
     D:7: 1607 daAuts
     D:2: 1219 daAuts
     D:8: 1112 daAuts
     D:3: 947 daAuts
     D:4: 930 daAuts
     D:6: 724 daAuts
     D:1: 629 daAuts
     D:5: 584 daAuts
     D:9: 14 daAuts
  Temple: 1 daAuts
